 Dungeon Crawl Stone Soup version 0.27.1-34-g3ba077fa99 (webtiles) character file.

Game seed: 18267095767273252799

114 Karpo the Sneak (level 4, 0/17 (21) HPs)
             Began as a Spriggan Enchanter on Jan 27, 2022.
             Was an Initiate of Dithmenos.
             Slain by a necrophage (7 damage)
             ... on level 4 of the Dungeon.
             The game lasted 00:06:43 (5341 turns).

Karpo the Sneak (Spriggan Enchanter)                Turns: 5341, Time: 00:06:43

HP:   0/17 (21)     AC:  2    Str:  4    XL:     4   Next: 66%
MP:   5/9           EV: 17    Int: 16    God:    Dithmenos [......]
Gold: 85            SH:  0    Dex: 16    Spells: 2/8 levels left

rFire    . . .     SeeInvis +   a - +1 dagger
rCold    . . .     Faith    .   (shield restricted)
rNeg     . . .     Spirit   .   b - +0 robe
rPois    .         Reflect  .   (helmet restricted)
rElec    .         Harm     .   (no cloak)
rCorr    .         Rampage  .   (gloves unavailable)
Will     .....                  (boots unavailable)
Stlth    +++.......             (no amulet)
HPRegen  0.05/turn              (no ring)
MPRegen  0.11/turn              (no ring)

@: heavily drained, very quick
A: very small, no large weapons, unfitting armour, see invisible, speed 3
a: Renounce Religion


You were on level 4 of the Dungeon.
You worshipped Dithmenos.
Dithmenos was noncommittal.
You visited 1 branch of the dungeon, and saw 4 of its levels.

You collected 85 gold pieces.

Inventory:

Hand Weapons
 a - a +1 dagger (weapon)
Armour
 b - a +0 robe (worn)
Scrolls
 e - a scroll of fear {unknown}
 f - 2 scrolls of identify {unknown}
 g - a scroll of noise {unknown}
 h - 2 scrolls of enchant weapon {unknown}
 i - 3 scrolls of torment {unknown}
Potions
 c - 2 potions of curing {unknown}
 d - a potion of degeneration {unknown}


   Skills:
 + Level 3.6 Short Blades
 - Level 2.6 Dodging
 + Level 6.7 Stealth
 - Level 2.6 Spellcasting
 - Level 3.6 Hexes


You had 2 spell levels left.
You knew the following spells:

 Your Spells              Type           Power      Damage    Failure   Level
a - Corona                Hex            14%        N/A       4%          1
b - Ensorcelled Hibernat  Hex/Ice        14%        N/A       14%         2
c - Confusing Touch       Hex            13%        N/A       13%         3

Your spell library contained the following spells:

 Spells                   Type           Power      Damage    Failure   Level
 Tukima's Dance           Hex            13%        N/A       13%         3
 Dazzling Flash           Conj/Hex       14%        N/A       28%         3


Dungeon Overview and Level Annotations

Branches:
Dungeon (4/15)
 Temple: D:4-7

Altars:
Dithmenos
Gozag
Ru
Trog


Innate Abilities, Weirdness & Mutations

You are very small and have problems with some larger weapons.
You are too small for most types of armour.
You have supernaturally acute eyesight. (SInv)
You cover ground extremely quickly. (Speed+++)


Message History

You impale the lemure!!
You kill the lemure!
That felt strangely unrewarding.
The necrophage barely misses you.
Casting: Ensorcelled Hibernation (safe; 14% risk of failure)
Confirm with . or Enter, or press ? or * to list all spells.
The spell is extremely dangerous to cast (13% risk of failure)!
Continue anyway?
Okay, then.
You barely miss the necrophage.
Casting: Confusing Touch (extremely dangerous; 13% risk of failure)
Confirm with . or Enter, or press ? or * to list all spells.
The spell is extremely dangerous to cast (13% risk of failure)!
Continue anyway?
Your hands begin to glow red.
The necrophage closely misses you.
You hit the necrophage but do no damage.
The necrophage hits you.
You feel drained.
You closely miss the necrophage. The necrophage hits you.
You feel drained.
You hit the necrophage but do no damage.
The necrophage barely misses you.
You hit the necrophage but do no damage.
The necrophage appears confused.
The necrophage closely misses you.
You hit the necrophage but do no damage.
The lemure hits you!
You closely miss the lemure. The necrophage misses you.
You hit the necrophage but do no damage.
The lemure barely misses you.
The necrophage closely misses the lemure.
You hit the necrophage.
The necrophage is lightly damaged.
The lemure barely misses you.
You strike the helpless necrophage from behind!
You impale the necrophage!!
The necrophage is severely damaged.
The lemure closely misses you.
You hit the necrophage.
The necrophage is almost destroyed.
The necrophage hits you.
You feel drained. The lemure closely misses you.
You hit the necrophage.
The necrophage is almost destroyed.
The necrophage hits you!
You die...

....#..##............#
....#...#............#
.$. #...#............#
^####...#............#
....................##
....##..........#########
....##..........#........
....#...........#........
..>........#####@5...)$..
..........## ##n...$...
....#.....# #.......5
....#.....+ #........
....#.....# #........
.... #........ ....
......... ...(####. ....#


You could see a lemure and a necrophage (confused).

Vanquished Creatures
  A lemure (D:4)
  5 adders
  A worm (D:2)
  A dart slug (D:1)
  An orc (D:4)
  3 ball pythons
  7 endoplasms
  6 giant cockroaches
  5 goblins
  6 hobgoblins
  7 kobolds
  2 quokkas
  4 bats
  3 frilled lizards
  7 rats
59 creatures vanquished.

Notes
Turn   | Place    | Note
-------+----------+-------------------------------------------
     0 | D:1      | Karpo the Spriggan Enchanter began the quest for the Orb.
     0 | D:1      | Reached XP level 1. HP: 9/9 MP: 5/5
   626 | D:1      | Reached XP level 2. HP: 10/13 MP: 6/6
   631 | D:1      | Reached skill level 5 in Stealth
   634 | D:1      | Learned a level 2 spell: Ensorcelled Hibernation
  2010 | D:1      | Reached XP level 3. HP: 15/16 MP: 8/8
  2212 | D:2      | Learned a level 3 spell: Confusing Touch
  3568 | D:2      | Reached skill level 6 in Stealth
  3789 | D:2      | Reached XP level 4. HP: 21/21 MP: 9/9
  5004 | D:3      | Found a sacrificial altar of Ru.
  5004 | D:3      | Found an opulent altar of Gozag.
  5004 | D:3      | Found a shadowy altar of Dithmenos.
  5010 | D:3      | Became a worshipper of Dithmenos the Shadowed
  5287 | D:4      | Found a bloodstained altar of Trog.
  5316 | D:4      | Noticed a lemure
  5316 | D:4      | Noticed a lemure
  5318 | D:4      | Noticed a necrophage
  5318 | D:4      | Noticed a lemure
  5326 | D:4      | Killed a lemure
  5341 | D:4      | Slain by a necrophage

Illustrated notes

Levels and vault maps discovered:
D:1:      psy_arrival_terrarium, layout_rooms
D:2:      layout_basic
D:3:      layout_loops_corners, gammafunk_temple_overflow_forgotten,
          minmay_misc_feat_tiny
D:4:      layout_basic, grunt_temple_overflow_lords_of_destruction,
          lemuel_tele_altar, mainiacjoe_overflow_tiny_flanked,
          minmay_temple_entry_enclosed_plants, serial_shops,
          nicolae_lakefront_shop, minmay_manual_moon, uniq_pikel

Skill      XL: |  1  2  3 |
---------------+----------+-----
Stealth        | 5 6 |  6.7
Short Blades   | 2 3 |  3.6
Dodging        | |  2.6
Spellcasting   | |  2.6
Hexes          | |  3.6

Action                   |  1- 3 |  4- 6 || total
-------------------------+-------+-------++-------
Melee: Dagger            |   169 |    81 ||   250
 Cast: Ensorcelled Hiber |    16 |     5 ||    21
       Confusing Touch   |       |     1 ||     1
 Stab: Sleeping          |    14 |    13 ||    27
       Confused          |       |     1 ||     1
Armor: Robe              |    11 |     9 ||    20
Dodge: Dodged            |    96 |    52 ||   148
